Cogmind - Beta 16 --- EXPLORER MODE // 2025.12.09 @ 12:10:44 Player: K.K.Y. Result: Destroyed by FH-P44(R) with Subdweller Laser Performance ------------- Evolutions (0) 0 Regions Visited (3) 600 Robots Destroyed (29) 145 Value Destroyed (655) 655 Prototype IDs (1) 20 Alien Tech Used (0) 0 Bonus (66) 66 TOTAL SCORE: 1486 Bonus ------- Follower Combat Kills 66 Cogmind --------- Core Integrity 0/250 Matter 300/300 Energy 98/100 System Corruption 0% Temperature Cool (6) Movement Flying (40) Location -10/Subcaves Parts ------- > --- POWER (1) -------- (None) > --- PROPULSION (2) --- Improved Flight Unit > --- UTILITY (3) ------ Improved Terrain Scanner > --- WEAPON (2) ------- Makeshift Axe > --- INVENTORY (5) ---- Spiked Treads Huge Storage Unit Machine Analyzer Battle Cannon Battle Cannon Peak State ------------ > --- POWER ------------ Improved Ion Engine > --- PROPULSION ------- Improved Flight Unit Improved Flight Unit > --- UTILITY ---------- Weight Redist. System Weight Redist. System Structural Scanner > --- WEAPON ----------- Assault Rifle Rocket Launcher > --- INVENTORY -------- Improved Flight Unit Improved Flight Unit Huge Storage Unit Improved Terrain Scanner Mining Laser [Rating: 17] Favorites ----------- Power Improved Ion Engine Engine Improved Ion Engine Propulsion Improved Flight Unit Wheel Wheel Flight Unit Improved Flight Unit Utility Weight Redist. System Device Weight Redist. System Weapon Assault Rifle Energy Gun Subdweller Laser Ballistic Gun Assault Rifle Ballistic Cannon Battle Cannon Launcher Rocket Launcher Special Weapon Mining Laser Slashing Weapon Makeshift Axe Build | -11 -10 -10 -10 ------- Run | Yrd Mat Min Sub Slots Evolved 1 | . 1 . . Power . | . . . . Propulsion . | . . . . Utility 1 | . 1 . . Weapon . | . . . . Parts Attached 22 | 4 9 5 4 Power 2 | . 2 . . Engine 2 | . 2 . . Core . | . . . . Reactor . | . . . . Propulsion 8 | 2 4 2 . Treads . | . . . . Leg . | . . . . Wheel 2 | 2 . . . Hover . | . . . . Flight 6 | . 4 2 . Utility 5 | . 3 2 . Device 5 | . 3 2 . Storage . | . . . . Processor . | . . . . Hackware . | . . . . Protection . | . . . . Artifact . | . . . . Weapon 7 | 2 . 1 4 Energy Gun 1 | . . . 1 Energy Cannon . | . . . . Ballistic Gun 2 | 2 . . . Ballistic Cannon 1 | . . . 1 Launcher 1 | . . 1 . Special Weapon 1 | . . . 1 Impact Weapon . | . . . . Slashing Weapon 1 | . . . 1 Piercing Weapon . | . . . . Special Melee Weapon . | . . . . Unidentified Prototypes 1 | . 1 . . Parts Lost 12 | . . 8 4 Power 1 | . . . 1 Propulsion 3 | . . 2 1 Utility 4 | . . 4 . Weapon 4 | . . 2 2 Highest Loss Streak 4 | . . 4 2 To Critical Strikes . | . . . . Average Backups 4 | 3 5 4 2 Power . | . . . . Propulsion 1 | 1 1 1 . Utility 1 | 1 2 1 1 Weapon 1 | . 1 1 1 Tool/Special . | . . . . Unused Backups 13 | 2 4 1 6 Power 1 | . 1 . . Propulsion 5 | 2 2 . 1 Utility 4 | . . 1 3 Weapon 3 | . 1 . 2 Tool/Special . | . . . . Average Slot Usage (%) 64 | . 74 67 53 Engine 10 | . 9 12 9 Flight 24 | . 21 25 23 Device 18 | . 14 23 12 Ballistic Gun 6 | . 25 4 . Peak Build Rating 17 | 4 16 17 16 Average Rating 11 | 2 9 13 12 On Entrance 7 | . 4 16 11 Avg Prop Armor Cover (%) . | . . . . Naked Turns . | . . . . Heaviest Build 14 | 3 11 14 11 Greatest Support 20 | 20 20 16 10 Greatest Overweight (x) 1 | . . . 1 Average Overweight (x) . | . . . . Largest Inventory Capacity 5 | 5 5 5 5 Average Capacity 5 | 5 5 5 5 Most Carried 5 | 5 5 5 5 Average Carried 4 | 4 4 4 2 Final Capacity 5 | 5 5 5 5 Final Carried 5 | 5 5 2 5 Class Distribution -------------------- 100% | Hacker-Mutant Dominant Class ---------------- Hacker-Mutant | -10/Materials Hacker-Mutant | -10/Mines Hacker-Mutant | -10/Subcaves Resources | -11 -10 -10 -10 ----------- Run | Yrd Mat Min Sub Matter Collected 805 | 250 258 107 190 Remotely . | . . . . Salvage Created 1006 | 153 502 25 326 Parts 68 | 12 36 . 20 Haulers Intercepted 2 | . 2 . . Recyclers Shooed 2 | . 2 . . Parts Field Recycled . | . . . . Retrieved Matter . | . . . . Parts Self-Destructed . | . . . . Prevented . | . . . . Parts Restored . | . . . . Kills | -11 -10 -10 -10 ------- Run | Yrd Mat Min Sub Combat Hostiles Destroyed 24 | . 10 4 10 Melee 6 | . . . 6 Guns 11 | . 10 1 . Cannons 4 | . . . 4 AOE 3 | . . 3 . Classes Destroyed 8 | 2 4 1 1 Tunneler 3 | 3 . . . Hauler 2 | . 2 . . Recycler 3 | 1 2 . . Watcher 1 | . 1 . . Swarmer 6 | . 6 . . Grunt 4 | . 4 . . Subdweller 10 | . . . 10 Assembled 4 | . . 4 . Best Kill Streak 5 | 4 5 4 2 Combat Bots Only 4 | . 4 4 2 Max Kills in Single Turn 3 | 1 2 3 1 Gunslinging 1 | . 1 . . Exploded 3 | . . 3 . Melee 1 | . . . 1 Uniques/NPCs Destroyed . | . . . . Combat | -11 -10 -10 -10 -------- Run | Yrd Mat Min Sub Hostile Shots Fired 95 | . 30 26 39 Missed 40 | . 14 8 18 Hits 55 | . 16 18 21 Projectile 55 | . 16 18 21 AOE 18 | . . 18 . Critical Strikes 2 | . . . 2 Part Disruptions 1 | . . 1 . Damage Taken 869 | . 100 483 286 Core 251 | . 42 138 71 Absorbed by Shields . | . . . . Ignored by Resistances 519 | . 67 281 171 Core Remaining (%) 100 | 100 . . . Volleys Fired 89 | 7 40 9 33 Largest 2 | 2 2 2 1 Hottest 100 | 40 40 53 100 Shots Fired 138 | 14 80 11 33 Gun 101 | 14 80 7 . Cannon 26 | . . . 26 Launcher 4 | . . 4 . Special 7 | . . . 7 Kinetic 127 | 14 80 7 26 Thermal 7 | . . . 7 Explosive 4 | . . 4 . Electromagnetic . | . . . . Robot Hit Streak 24 | 8 24 12 12 Robot Miss Streak 2 | 1 2 1 1 Penetration Max . | . . . . Secondary Targets 2 | . 2 . . Max Gunslinging Chain 1 | . 1 . . Shots Hit Robots 124 | 10 62 10 42 Core Hits 53 | 4 26 9 14 Critical Kills . | . . . . Critical Parts Destroyed . | . . . . Critical Strikes . | . . . . Melee Attacks 19 | . . . 19 Impact . | . . . . Slashing 19 | . . . 19 Piercing . | . . . . Sneak Attacks 1 | . . . 1 Combat Hostiles 1 | . . . 1 Follow-up Attacks . | . . . . Damage Inflicted 2258 | 121 636 428 1073 Guns 828 | 121 636 71 . Cannons 464 | . . . 464 Explosions 357 | . . 357 . Melee 561 | . . . 561 Ramming . | . . . . Kinetic 1292 | 121 636 71 464 Thermal 48 | . . . 48 Explosive 357 | . . 357 . Electromagnetic . | . . . . Impact . | . . . . Slashing 561 | . . . 561 Piercing . | . . . . Highest Corruption . | . . . . Average Corruption . | . . . . Corruption Purged . | . . . . Corruption Blocked . | . . . . Overload Shots . | . . . . Overflow Damage 8 | . . 8 . Projectiles . | . . . . Explosions 8 | . . 8 . Melee . | . . . . Knockbacks 1 | . . . 1 Impact . | . . . . Kinetic 1 | . . . 1 Secondary . | . . . . Self-Inflicted Damage . | . . . . Shots . | . . . . Rammed . | . . . . Targets Rammed . | . . . . Kicked . | . . . . Crushed . | . . . . Highest Temperature 20 | . 20 5 . Average Temperature 6 | . 6 3 . Received Heat Transfer 194 | . 78 20 96 Siege Activations . | . . . . Martial Activations . | . . . . Shielding Activations . | . . . . Robots Disrupted . | . . . . Combat Hostiles . | . . . . Robots Corrupted . | . . . . Combat Hostiles . | . . . . Parts Fried . | . . . . Impact Corruptions . | . . . . Robots Melted . | . . . . Combat Hostiles . | . . . . Parts Melted . | . . . . Heat Transferred 100 | . . . 100 Parts Sabotaged . | . . . . Parts Stolen . | . . . . Parts Stripped . | . . . . Power Chain Reactions . | . . . . Alert | -11 -10 -10 -10 ------- Run | Yrd Mat Min Sub Maximum Alert Level . | . . . . Low Security (%) 100 | 100 100 100 . Level 1 . | . . . . Level 2 . | . . . . Level 3 . | . . . . Level 4 . | . . . . Level 5 . | . . . . High Security . | . . . . Max Security . | . . . . Peak Influence 138 | 10 138 30 . Initial 18 | . 2 18 . Average 16 | 2 72 2 . Influence Increases 492 | 20 292 165 15 Destroy 0b10 Robot/C 240 | . 200 40 . Destroy 0b10 Robot/NC 45 | 20 25 . . Destroy Leader 56 | . 56 . . Allied During Kill 1 | . . 1 . Successful Hack 11 | . 11 . . Destroy Structure 34 | . . 34 . Partial Spotted 30 | . . 30 . Lose Combat Pursuer 75 | . . 60 15 Influence Decreases 492 | 15 230 232 15 Entered New Map 52 | . 3 49 . Time Decay 394 | 15 227 147 5 Lost Part 25 | . . 15 10 Lost Ally 21 | . . 21 . Squads Dispatched 2 | . 2 . . Investigation 2 | . 2 . . Extermination . | . . . . Reinforcement . | . . . . Assault . | . . . . Garrison . | . . . . Intercept . | . . . . Searches Triggered . | . . . . Construction Impeded . | . . . . Haulers Reinforced . | . . . . Active Scanning Responses . | . . . . Cargo Convoy Interrupts . | . . . . Stealth | -11 -10 -10 -10 --------- Run | Yrd Mat Min Sub Distress Signals . | . . . . Communications Jammed . | . . . . Distress Signals . | . . . . Times Spotted 57 | . 12 33 12 Peak Tracking Total 20 | . 4 20 3 Tactical Retreats 5 | . . 4 1 Traps | -11 -10 -10 -10 ------- Run | Yrd Mat Min Sub Traps Triggered . | . . . . Indirectly . | . . . . Trap Hack Attempts . | . . . . Triggered . | . . . . Disarmed . | . . . . Reprogrammed . | . . . . Reused . | . . . . Traps Extracted . | . . . . Installed . | . . . . Triggered . | . . . . Machines | -11 -10 -10 -10 ---------- Run | Yrd Mat Min Sub Machines Disabled . | . . . . Max in Single Turn . | . . . . Machines Repaired . | . . . . Machines Dismantled . | . . . . Machines Sabotaged . | . . . . Overloaded Fab Kills . | . . . . Hacking | -11 -10 -10 -10 --------- Run | Yrd Mat Min Sub Machines Accessed 7 | . 6 . 1 Terminals 5 | . 5 . . Fabricators . | . . . . Repair Stations . | . . . . Recycling Units 1 | . 1 . . Scanalyzers . | . . . . Garrison Access . | . . . . Total Hacks 17 | . 13 . 4 Successful 10 | . 6 . 4 Failed 7 | . 7 . . Catastrophic . | . . . . Database Lockouts . | . . . . Manual 10 | . 10 . . Terminals 11 | . 11 . . Fabricators . | . . . . Repair Stations . | . . . . Recycling Units 2 | . 2 . . Scanalyzers . | . . . . Garrison Access . | . . . . Terminal Hacks 5 | . 1 . 4 Record 4 | . . . 4 Robot Analysis 1 | . 1 . . Fabricator Hacks . | . . . . Repair Station Hacks . | . . . . Recycling Unit Hacks 1 | . 1 . . Retrieve Components 1 | . 1 . . Scanalyzer . | . . . . Garrison Access Hacks . | . . . . Unauthorized Hacks 4 | . 4 . . Terminals 3 | . 3 . . Botnet 3 | . 3 . . Fabricators . | . . . . Repair Stations . | . . . . Recycling Units 1 | . 1 . . Reject 1 | . 1 . . Scanalyzers . | . . . . Garrison Access . | . . . . Data Cores Recovered . | . . . . Used . | . . . . Hacking Detections 4 | . 4 . . Full Trace Events 2 | . 2 . . Feedback Events . | . . . . Feedback Blocked . | . . . . Robot Schematics Acquired . | . . . . Robots Built . | . . . . Authchips . | . . . . Time . | . . . . Total Robot Build Rating . | . . . . Part Schematics Acquired . | . . . . Parts Built . | . . . . Authchips . | . . . . Time . | . . . . Total Part Build Rating . | . . . . Part Studies Acquired . | . . . . Parts Repaired . | . . . . Time . | . . . . Parts Recycled . | . . . . Recycled Matter . | . . . . Retrieved Matter . | . . . . Retrieved Components . | . . . . Parts Scanalyzed . | . . . . Part Schematics Acquired . | . . . . Parts Damaged . | . . . . Bothacking | -11 -10 -10 -10 ------------ Run | Yrd Mat Min Sub Used RIF Installer . | . . . . Robots Hacked . | . . . . Non-combat . | . . . . Combat . | . . . . Robot Hacks Applied . | . . . . Relay Couplers Released . | . . . . Fabnet Peak Effective % . | . . . . Robots Rewired . | . . . . Allies Hacked . | . . . . Hacks Repelled . | . . . . Allies | -11 -10 -10 -10 -------- Run | Yrd Mat Min Sub Total Allies 3 | . . 3 . Largest Group 3 | . . 3 . Highest-Rated Group 40 | . . 40 . Highest-Rated Ally 16 | . . 16 . Total Orders . | . . . . Ally Attacks 13 | . . 13 . Total Damage 163 | . . 163 . Kills 2 | . . 2 . Allies Corrupted . | . . . . Allies Melted . | . . . . Intel | -11 -10 -10 -10 ------- Run | Yrd Mat Min Sub Active Infowar (turns) 1432 | . 11 834 587 Terrain 1237 | . . 650 587 Structural 272 | . 11 261 . Robot Analysis Total 1 | . 1 . . Derelict Logs Recovered 2 | . . 1 1 Drone Launches . | . . . . Drone Recoveries . | . . . . Exploration | -11 -10 -10 -10 ------------- Run | Yrd Mat Min Sub Turns Passed 2190 | 73 322 1208 587 Spaces Moved 2279 | 56 453 858 912 Core 37 | 36 1 . . Treads . | . . . . Legs . | . . . . Wheels 62 | 20 42 . . Hover . | . . . . Flight 2180 | . 410 858 912 Fastest Speed 37 | 50 37 37 37 Average Speed 41 | 60 41 37 44 Slowest Speed 107 | 80 80 40 107 Overloaded Moves . | . . . . Propulsion Burnouts . | . . . . Robots Hopped 15 | . 3 12 . Potential Cave-ins 3 | . . 3 . Cave-ins Triggered . | . . . . Exploration Rate (%) 63 | 4 82 99 67 Regions Visited 3 Branch Regions 2 Pre-discovered Areas 3 | . . 1 2 Known Exits Taken 3 | 1 1 1 . Unknown Exits Taken . | . . . . Scrap Searched 10 | . . 1 9 Spaces Dug . | . . . . Terrain Destroyed 41 | . . 41 . Melee . | . . . . Projectile . | . . . . AOE 41 | . . 41 . Terrain Rammed . | . . . . Walls Destroyed . | . . . . Machines Disabled . | . . . . Actions | -11 -10 -10 -10 --------- Run | Yrd Mat Min Sub Total 3352 | 81 518 1724 1029 Wait 915 | 5 5 862 43 Move 2246 | 55 446 833 912 Hop 15 | . 3 12 . Pick Up 24 | 8 5 2 9 Fast Attach 12 | 3 8 . 1 Attach 11 | 1 . 4 6 Detach 2 | . . . 2 Swap 2 | . 1 1 . Drop 17 | 2 10 1 4 Fire 89 | 7 40 9 33 Melee 19 | . . . 19 Ram . | . . . . Kick . | . . . . Crush . | . . . . Escape Stasis . | . . . . Rewire . | . . . . Trap . | . . . . Miscellaneous . | . . . . Route ------- -11/Scrapyard -10/Materials (discovered 5 exits: *Mat x3 / *Min x2) -10/Mines (discovered 3 exits: *Mat x2 / *Sub) -10/Subcaves (discovered 3 exits: *Mat x2 / Rec) History --------- Turn | Location | Event 21 | -11/Scrapyard | Identified exit to Materials 21 | -11/Scrapyard | Discovered exit to Materials (range 15) 74 | -11/Scrapyard | Entered Materials 74 | -10/Materials | Evolved 1 slot: Utility x1 171 | -10/Materials | Identified exit to Materials 171 | -10/Materials | Discovered exit to Materials (range 5) 225 | -10/Materials | Discovered exit to Materials (range 13) 235 | -10/Materials | Identified exit to Mines 235 | -10/Materials | Discovered exit to Mines (range 11) 309 | -10/Materials | Build established: Hacker-Mutant 367 | -10/Materials | Discovered exit to Mines (range 7) 379 | -10/Materials | Discovered exit to Materials (range 13) 396 | -10/Materials | Entered Mines 413 | -10/Mines | Assembled infested the area 434 | -10/Mines | Received a Rocket Launcher from a helpful Derelict 456 | -10/Mines | Learned location of Storage (-7) 616 | -10/Mines | Lost 3 parts (2u1w) 664 | -10/Mines | Discovered exit to Materials (range 5) 688 | -10/Mines | Discovered exit to Materials (range 8) 691 | -10/Mines | Assisted by bots powering up and referring to "LRC-V3" 750 | -10/Mines | Learned Materials terminal intel 756 | -10/Mines | Found a hidden stash of uninstalled traps 1593 | -10/Mines | Core integrity fell below 50% 1602 | -10/Mines | Identified exit to Subcaves 1602 | -10/Mines | Discovered exit to Subcaves (range 6) 1604 | -10/Mines | Entered Subcaves 1605 | -10/Subcaves | Approached by a straggling Scientist 1610 | -10/Subcaves | Identified exit to Materials 1610 | -10/Subcaves | Discovered exit to Materials (range 7) 1612 | -10/Subcaves | Shifting Twisted Machinery released Spk. Treads 1616 | -10/Subcaves | Shifting Twisted Machinery released Sub. Monowheel 1622 | -10/Subcaves | Lost 4 parts (2n2u) 1643 | -10/Subcaves | A swath of the cavern ceiling suddenly collapsed 1805 | -10/Subcaves | Core integrity fell below 20% 1923 | -10/Subcaves | Disturbed a concealed Subdweller 1985 | -10/Subcaves | Visited Clippyterm 1986 | -10/Subcaves | Learned location of Extension (-5) 1986 | -10/Subcaves | Identified exit to Recycling 2000 | -10/Subcaves | Shifting Twisted Machinery released Spk. Treads 2191 | -10/Subcaves | Destroyed by FH-P44(R) with Subdweller Laser Last Messages --------------- 02028_ Mining Laser destroyed. 02030_ 2G-36M(R) destroyed. 02032_ Acquired 15 matter. 02043_ Imp. Ion Engine destroyed. 02044_ FG-VEV(R) destroyed. 02055_ Acquired Machine Analyzer. 02088_ PD-VWB(R) destroyed. 02099_ 4Z-ZST(R) affixes Scrap Shield Fragment to Scrap Shield. 02099_ 4Z-ZST(R) destroyed. 02134_ 11-E1X(R) destroyed. 02135_ Imp. Flight Unit destroyed. 02141_ YC-8Q3(R) destroyed. 02144_ Acquired Battle Cannon. 02182_ Sneak attack on FH-P44(R). 02188_ Searching scrap... 02188_ Found Battle Rifle. 02188_ Found 64 Matter. 02188_ FH-P44(R) affixes Scrap Shield Fragment to Scrap Shield. Map ----- +----------------------------------------------------+ | | | | | | | | | | | | | | | | | | | | | | | | | | | | | ?????????????????#???????????????????????????????? | | ?????????????????????????????????????????????????? | | ?????????????????????????????????????????????????? | | ?????????????????????????????????????????????????? | | ?#??????????????#????????????????????????????????? | | ?????????????????????????????????????????????????? | | ?????????????????????????????????????????????????? | | ???????????????#??????#??????????????????????????? | | ?????????????????????????????????????????????????? | | ??????#??????????????????????????????????????????? | | ???????????????????????######????????????????????? | | ????????????#?????????##<@$$#?#??????????????????? | | ??????????????????????# [R<##????????????????????? | | ?????????#????????????#&####?????????????????????? | | ???####???????????????#< #?????????????????????? | | #### ##????????####??### ####???????????????????? | | #???????## #####" " ##??????????????????? | | #?????### ## #??????????????????? | | #????## #?????????????????? | | #????# # #???????????????? | | ###### ### # #???????????????? | | ## #?# #???????????????? | | ##?##### #???????????????? | | #??????###### ##???????????????? | | #######???????????######????????????????? | | ###?????????#????????????#????????????????? | | #######?????????????????????????????????????????? | | #???????????????????????????????????????????????? | | #####??#???#???????#????????????????????????????? | | #???????????????????????????????????????????? | | #??????????????????????????????????????????? | | ???????????????????????????????????????? | | ## #????????????????????????????????????? | | ##?##### ##?????????????????????????????????????? | | #?????????#??????????????????????????????????????? | | #????????????????????????????????????????????????? | +----------------------------------------------------+ Best States ------------- Heat Dissipation 25 Energy Generation 12 Energy Capacity 265 Matter Stores 300 Matter Capacity 300 Sight Range 16 Terrain Scan Range 16 Terrain Scan Density 10 Additional Mass Support 6 Resistance: KI 35 Resistance: TH 35 Resistance: EX 35 Resistance: EM 35 Resistance: I 35 Resistance: S 35 Resistance: P 35 Evasion (%) 62 Offensive Hacking 20 Item Schematics ----------------- None Robot Schematics ------------------ None Fabricated ------------ Nothing Repaired ---------- Nothing Studied --------- None Alien Tech Used ----------------- None Achievements -------------- None Challenges ------------ None Game ------ Seed ExplosiveCoordinationWell Manual? 0 Play Time 00:22:56 Cumulative 179.7 hours Start 2025.12.09 @ 11:53:44 End 2025.12.09 @ 12:10:44 Sessions 1 Manual Loads 0 Difficulty Explorer Special Mode None Game No. 255 Rogue 0 Adventurer 0 Explorer 255 Win Type - Total 0 Types 0/0/0/0/0/0/0/0/0/0 Lore% 70 Gallery% 67 Achievement% 53 Wizard Run 0 Options --------- Layout 1 ASCII 0 Keyboard 0 Movement Mouse Keybinds 0 Fullscreen 1 Font 24/Smallcaps Map View 50x35 Zoom Use 0% Tactical HUD 1 Map Filters NONE Filters NONE Steam 1 RUN: 35a1e0bc-11e6-494c-a687-e4c080883172